 Dungeon Crawl Stone Soup version 0.28-a0-1227-ga9037bb4c8 (webtiles) character file.

Game seed: 18275549151423115817

102 ChaosChampion the Ruffian (level 4, 0/38 HPs)
             Began as a Draconian Warper on Dec 22, 2021.
             Killed from afar by an orc wizard (5 damage)
             ... with a puff of flame
             ... on level 2 of the Dungeon.
             The game lasted 00:02:12 (3469 turns).

ChaosChampion the Ruffian (Draconian Warper)        Turns: 3469, Time: 00:02:13

Health: 0/38       AC:  5    Str: 13    XL:     4   Next: 49%
Magic:  7/7        EV: 16    Int: 15    God:
Gold:   163        SH:  0    Dex: 11    Spells: 7/7 levels left

rFire   . . .      SeeInvis .     - Unarmed
rCold   . . .      Faith    .   (no shield)
rNeg    . . .      Spirit   .   (armour unavailable)
rPois   .          Reflect  .   (helmet restricted)
rElec   .          Harm     .   (no cloak)
rCorr   .          Rampage  .   (no gloves)
Will    .....                   (no boots)
Stlth   +.........              (no amulet)
HPRegen 0.12/turn               e - +4 ring of evasion
MPRegen 0.10/turn               (no ring)

@: no status effects
A: AC +5, unfitting armour, cold-blooded
a: no special abilities


You were on level 2 of the Dungeon.
You visited 1 branch of the dungeon, and saw 3 of its levels.

You collected 163 gold pieces.

Inventory:

Missiles
 b - 5 boomerangs of dispersal (quivered)
Jewellery
 e - a +4 ring of evasion (left hand)
Scrolls
 a - a scroll of blinking
 g - a scroll of noise {unknown}
 h - a scroll of fear {unknown}
 i - a scroll of amnesia {unknown}
Potions
 c - a potion of lignification {unknown}
 d - 2 potions of mutation {unknown}
 f - a potion of degeneration {unknown}


   Skills:
 + Level 3.4 Fighting
 - Level 0.8 Throwing
 - Level 2.1 Dodging
 * Level 4.1 Unarmed Combat
 - Level 2.0 Spellcasting
 - Level 3.0 Translocations


You had 7 spell levels left.
You didn't know any spells.
Your spell library contained the following spells:

 Spells                   Type           Power      Damage    Failure   Level
 Blink                    Tloc           20%        N/A       10%         2
 Gell's Gravitas          Tloc           10%        N/A       19%         3
 Lesser Beckoning         Tloc           10%        N/A       19%         3
 Teleport Other           Tloc           10%        N/A       19%         3
 Magic Dart               Conj           4%         1d3       22%         1
 Shock                    Conj/Air       4%         1d3       22%         1
 Ignite Poison            Fire/Tmut/Pois 1%         N/A       54%         3
 Manifold Assault         Tloc           10%        N/A       87%         5
 Iron Shot                Conj/Erth      0%         9d1       100%        6
 Fire Storm               Conj/Fire      0%         6d1       100%        9


Dungeon Overview and Level Annotations

Branches:
Dungeon (3/15)

Altars:


Innate Abilities, Weirdness & Mutations

Your plain brown scales are hard. (AC +5)
You cannot fit into any form of body armour.
You are cold-blooded and may be slowed by cold attacks.


Message History

You are too injured to fight recklessly!
Something hits you but does no damage. x2
Things that are here:
a +0 short sword; an orc corpse The endoplasm hits you.
The orc barely misses you.
You feel yourself speed up. Something hits you.
The hobgoblin closely misses you. The endoplasm barely misses you.
There is a stone staircase leading up here.
Something hits you.
* * * LOW HITPOINT WARNING * * *
The orc hits you but does no damage.
You hear some strange, mumbled words.
A puff of flame appears from out of thin air!
The puff of flame hits you.
* * * LOW HITPOINT WARNING * * *
You climb upwards.
Reactivating autopickup.
There is a stone staircase leading down here.
Something closely misses you.
You hear some strange, mumbled words.
Deactivating autopickup; reactivate with Ctrl-A.
You are confused.
You're too confused to move!
You hear some strange, mumbled words.
A puff of flame appears from out of thin air!
The puff of flame misses you.
You bump into the rock wall.
Something hits you but does no damage.
You bump into the rock wall.
You feel less confused.
You hear some strange, mumbled words.
A puff of flame appears from out of thin air!
The puff of flame hits you!
* * * LOW HITPOINT WARNING * * *
An orc wizard appears from thin air!
Reactivating autopickup.
An orc wizard appears from thin air!
The orc wizard gestures at you while chanting.
The puff of flame hits you.
You die...

#.........####.###
#.######### #.# #
#.# ######.### #.#
##.......## #.#
##.#.####.## #.#
##.###.###.## #.#
#.## ##.##... #.#
##.###.###.##
#@######.#...##.##
#....# ##...#.....
####o# #....#####
#.####..#.#####
#o#...........#
#.#.##.........
#.#.##........#
#.#.##.........
#..............


You could see an orc wizard.

Vanquished Creatures
  2 adders (D:2)
  A worm (D:2)
  2 dart slugs (D:2)
  2 orcs (D:3)
  8 ball pythons
  4 bats
  6 endoplasms
  10 giant cockroaches
  7 goblins
  4 hobgoblins
  11 kobolds
  A quokka (D:2)
  2 frilled lizards
  10 rats
70 creatures vanquished.

Vanquished Creatures (others)
  2 fungi (D:1)
  3 plants (D:1)
5 creatures vanquished.

Grand Total: 75 creatures vanquished

Notes
Turn   | Place    | Note
-------+----------+-------------------------------------------
     0 | D:1      | ChaosChampion the Draconian Warper began the quest for the
                  | Orb.
     0 | D:1      | Reached XP level 1. HP: 17/17 MP: 3/3
   511 | D:1      | Reached XP level 2. HP: 25/25 MP: 5/5
   686 | D:1      | Found a faded altar of an unknown god.
   800 | D:1      | Reached skill level 3 in Unarmed Combat
  1365 | D:1      | Reached XP level 3. HP: 29/30 MP: 6/6
  2505 | D:2      | Reached XP level 4. HP: 38/38 MP: 7/7
  2630 | D:2      | Got the Incunabulum of Destructive Flames
  2946 | D:2      | Reached skill level 4 in Unarmed Combat
  3469 | D:2      | Killed from afar by an orc wizard

Illustrated notes

Levels and vault maps discovered:
D:1:      nicolae_arrival_somewhat_less_tricky_arrival, layout_loops_cross,
          shapermc_ecumenical_altar_mp_urbaneastern, minivault_19,
          minmay_tree_intersection, grunt_decor_junction
D:2:      minmay_thinvault, layout_loops_ring, minmay_worlds_worst_comb
D:3:      layout_basic, mainiacjoe_overflow_24_doors, gammafunk_ghost_arena

Skill      XL: |  1  2  3  4 |
---------------+-------------+-----
Unarmed Combat | 3 4 |  4.1
Fighting       | 3 |  3.4
Throwing       | |  0.8
Dodging        | |  2.1
Spellcasting   | |  2.0
Translocations | |  3.0

Action                   |  1- 3 |  4- 6 || total
-------------------------+-------+-------++-------
Melee: Unarmed           |   169 |    79 ||   248
       Tailslap          |    18 |    11 ||    29
       Punch             |     1 |       ||     1
 Stab: Sleeping          |     1 |     2 ||     3
Armor: Skin              |    47 |    23 ||    70
Dodge: Dodged            |   100 |    70 ||   170

Table legend: (Time is in decaauts)
 A = Elapsed time spent in this place.
 B = Non-inter-level travel time spent in this place.
 C = Inter-level travel time spent in this place.
 D = Time resting spent in this place.
 E = Time spent auto-exploring this place.
 F = Levels seen in this place.
 G = Mean time per level.
                   A        B        C        D        E       F      G
               +--------+--------+--------+--------+--------+-----+--------+
         Total |   3467 |   3412 |     55 |    356 |   2581 |   3 | 1155.7 |
       Dungeon |   3467 |   3412 |     55 |    356 |   2581 |   3 | 1155.7 |
               +--------+--------+--------+--------+--------+-----+--------+

Top non-repeatable levels by time:
     D:2: 1808 daAuts
     D:1: 1619 daAuts
     D:3: 39 daAuts
